 Dungeon Crawl Stone Soup version 0.29.1-13-g9f3cf754e1 (webtiles) character file.

Game seed: 8436379954378063792

1875 gr33dy the Twirler (level 8, 0/47 (56) HPs)
             Began as a Demonspawn Gladiator on Jan 19, 2023.
             Slain by a wight
             ... wielding a +3 short sword of freezing
              (10 damage)
             ... on level 5 of the Dungeon.
             The game lasted 00:42:13 (7878 turns).

gr33dy the Twirler (Demonspawn Gladiator)           Turns: 7878, Time: 00:42:13

HP:   0/47 (56)     AC: 17    Str: 15    XL:     8   Next: 91%
MP:   11/11         EV: 14    Int: 10    God:
Gold: 439           SH:  0    Dex: 16    Spells: 8/11 levels left

rFire   + . .      SeeInvis .   t - +3 quarterstaff (chaos)
rCold   . . .      Faith    .   (shield currently unavailable)
rNeg    . . .      Spirit   .   v - +2 leather armour {rF+}
rPois   +          Reflect  .   c - +0 helmet
rElec   .          Harm     .   u - +0 cloak
rCorr   .          Rampage  .   a - +0 pair of gloves
Will    .....                   (no boots)
Stlth   +++.......              (no amulet)
HPRegen 0.15/turn               p - ring of poison resistance
MPRegen 0.12/turn               (no ring)

@: sanguine armoured, heavily drained
A: sanguine armour 2, demonic magic 1, weakness stinger 1
a: no special abilities


You were on level 5 of the Dungeon.
You visited 2 branches of the dungeon, and saw 7 of its levels.
You also visited: Sewer.

You collected 439 gold pieces.

Inventory:

Hand Weapons
 t - a +3 quarterstaff of chaos (weapon)
Missiles
 A - 17 poisoned darts (quivered)
Armour
 a - a +0 pair of gloves (worn)
 b - a +0 leather armour
 c - a +0 helmet (worn)
 h - a +0 chain mail
 j - a +0 ring mail
 u - a +0 cloak (worn)
 v - a +2 leather armour of fire resistance (worn)
 y - the +0 helmet of Death's Door {Harm Regen+ Str+3 Int-3}
   (You found it in a sewer)

   Str:       It affects your strength (+3).
   Int:       It affects your intelligence (-3).
   Regen:     It increases your rate of health regeneration.
   Harm:      It increases damage dealt and taken.
Jewellery
 p - a ring of poison resistance (left hand)
 J - an amulet of magic regeneration
Wands
 e - a wand of roots (1)
 H - a wand of polymorph (10)
Scrolls
 d - a scroll of acquirement {unknown}
 f - 3 scrolls of immolation
 g - a scroll of teleportation {unknown}
 m - 2 scrolls of enchant weapon {unknown}
 r - a scroll of noise {unknown}
 s - 2 scrolls of amnesia {unknown}
 w - a scroll of blinking {unknown}
 B - 5 scrolls of vulnerability
 D - 3 scrolls of torment {unknown}
 E - 2 scrolls of fear {unknown}
 F - 2 scrolls of butterflies {unknown}
 I - a scroll of enchant armour {unknown}
Potions
 i - 2 potions of mutation
 l - a potion of might {unknown}
 n - 4 potions of magic
 o - 2 potions of haste
 q - 2 potions of heal wounds {unknown}
 x - a potion of cancellation {unknown}
 z - 4 potions of invisibility
 C - a potion of degeneration {unknown}
 G - a potion of brilliance {unknown}


   Skills:
 - Level 2.0 Fighting
 - Level 6.0 Staves
 - Level 4.0 Throwing
 - Level 3.0 Armour
 - Level 5.0 Dodging
 + Level 4.3 Stealth
 + Level 2.4 Spellcasting
 + Level 4.1 Hexes


You had 8 spell levels left.
You knew the following spells:

 Your Spells              Type           Power      Damage    Failure   Level
a - Tukima's Dance        Hex            9%         N/A       21%         3

Your spell library contained the following spells:

 Spells                   Type           Power      Damage    Failure   Level
 Call Imp                 Summ           1%         N/A       50%         2
 Ignite Poison            Fire/Tmut/Pois 1%         N/A       73%         3
 Ice Form                 Ice/Tmut       1%         N/A       98%         4
 Passage of Golubria      Tloc           1%         N/A       98%         4
 Yara's Violent Unravell  Hex/Tmut       2%         3d3       99%         5


Dungeon Overview and Level Annotations

Branches:
Dungeon (6/15)             Temple (1/1) D:4           Sewer (visited)

Altars:
Ashenzari
Cheibriados
Fedhas
Kikubaaqudgha
Nemelex Xobeh
Okawaru
Sif Muna
Trog
Vehumet
Wu Jian
Xom
Yredelemnul

Annotations:
D:4 Dowan, Duvessa


Innate Abilities, Weirdness & Mutations

When seriously injured, your blood forms thick armour. (AC +9)
Spells you cast may paralyse adjacent enemies.
You have a small tail.


Message History

The wight attacks as you move away!
The wight hits you with a +3 short sword of freezing.
You feel drained. The wight freezes you. The wight attacks as you move away!
The wight hits you but does no damage. The wight attacks as you move away!
The wight hits you but does no damage. The wight attacks as you move away!
The wight hits you with a +3 short sword of freezing.
You feel drained. The wight freezes you. The wight attacks as you move away!
The wight hits you but does no damage. The wight attacks as you move away!
The wight hits you but does no damage. The wight attacks as you move away!
The wight hits you with a +3 short sword of freezing.
You feel drained. The wight freezes you. The wight attacks as you move away!
The wight hits you with a +3 short sword of freezing.
You feel drained. The wight freezes you.
There is a stone staircase leading up here.
You climb upwards.
There is a stone staircase leading down here.
You hit the wight.
The wight flickers and vanishes!
Deactivating autopickup; reactivate with Ctrl-A.
Something hits you.
* * * LOW HITPOINT WARNING * * *
You feel drained.
* * * LOW HITPOINT WARNING * * *
Something freezes you.
* * * LOW HITPOINT WARNING * * *
You feel better. Something hits you but does no damage.
Aiming: Fastroot
Press: ? - help, Shift-Dir - straight line
Okay, then.
You sock something! You burn something. Something hits you.
* * * LOW HITPOINT WARNING * * *
Something freezes you.
* * * LOW HITPOINT WARNING * * *
Throw: 18 darts (poison)
Press: ? - help, Q - select action, (/) - cycle Shift-Dir - straight line You throw a poisoned dart.
Something hits you!
You die...

#.......#...#..
#.......##'##..
####...........
#...........
#...........
#...........
#...........
#######...........
#@.....#########..
#>.....# #..
#......# #..
#.<....# #..
#......# #..
#......# #..
#......# #..
#......# #..
######## ###


There were no monsters in sight!

Vanquished Creatures
  Sigmund (D:6)
  A water moccasin (D:5)
  2 black bears
  An ice beast (D:6)
  An ogre (D:5)
  A centaur (D:6)
  Blork the orc (D:5)
  A kobold brigand (Sewer)
  3 scorpions
  A bullfrog (D:6)
  A wight (D:6)
  6 orc priests
  A gnoll bouda (D:6)
  Crazy Yiuf (D:2)
  3 hounds
  An iguana (D:4)
  2 orc wizards
  Robin (D:2)
  4 gnolls (D:6)
  6 adders
  A river rat (Sewer)
  A shadow imp (D:6)
  2 white imps (D:4)
  An ufetubus (D:5)
  5 worms
  2 dart slugs
  25 orcs
  5 bats
  7 endoplasms
  6 giant cockroaches
  17 goblins
  14 hobgoblins
  10 jackals
  20 kobolds
  7 quokkas
  10 ball pythons
  A frilled lizard (D:2)
  22 rats
195 creatures vanquished.

Vanquished Creatures (others)
  A gnoll zombie (D:6)
  A fungus (D:2)
2 creatures vanquished.

Grand Total: 197 creatures vanquished

Notes
Turn   | Place    | Note
-------+----------+-------------------------------------------
     0 | D:1      | gr33dy the Demonspawn Gladiator began the quest for the
                  | Orb.
     0 | D:1      | Reached XP level 1. HP: 16/16 MP: 1/1
     2 | D:1      | Noticed a human
     2 | D:1      | Noticed a demigod
     4 | D:1      | Noticed a palentonga
     4 | D:1      | Noticed a gargoyle
     6 | D:1      | Noticed a naga
     6 | D:1      | Noticed an octopode
     9 | D:1      | Noticed a spriggan
     9 | D:1      | Noticed a tengu
    11 | D:1      | Noticed a formicid
    11 | D:1      | Noticed a minotaur
    13 | D:1      | Noticed a vampire
    13 | D:1      | Noticed a vine stalker
    15 | D:1      | Noticed a merfolk
    15 | D:1      | Noticed a meteoran
    17 | D:1      | Noticed a ghoul
    19 | D:1      | Noticed a felid
    21 | D:1      | Noticed a troll
    23 | D:1      | Noticed a demonspawn
    23 | D:1      | Noticed an elf
    25 | D:1      | Noticed a formicid
    25 | D:1      | Noticed an ogre
    27 | D:1      | Noticed a minotaur
    27 | D:1      | Noticed an elf
   195 | D:1      | Reached skill level 3 in Staves
   352 | D:1      | Gained mutation: You have a small tail. [demonic ancestry]
   352 | D:1      | Reached XP level 2. HP: 22/22 MP: 2/2
  1045 | D:1      | Reached XP level 3. HP: 19/27 MP: 3/3
  1154 | D:1      | Reached skill level 4 in Staves
  1697 | D:2      | Noticed Robin
  1713 | D:2      | Killed Robin
  1868 | D:2      | Gained mutation: When seriously injured, your blood forms
                  | armour. (AC +9) [demonic ancestry]
  1868 | D:2      | Reached XP level 4. HP: 25/33 MP: 4/4
  2283 | D:2      | Found a radiant altar of Vehumet.
  2357 | D:2      | Found a runed translucent door.
  2358 | D:2      | Noticed Crazy Yiuf
  2368 | D:2      | Killed Crazy Yiuf
  2496 | D:3      | Found a glowing drain.
  2548 | D:3      | Reached skill level 5 in Staves
  2569 | D:3      | Reached XP level 5. HP: 38/38 MP: 5/5
  2635 | Sewer    | Entered a sewer
  2867 | Sewer    | Identified the +0 helmet of Death's Door {Harm Regen+ Str+3
                  | Int-3}
  3341 | D:3      | Reached XP level 6. HP: 44/44 MP: 6/6
  4094 | D:4      | Found an iron altar of Okawaru.
  4118 | D:3      | Reached skill level 1 in Armour
  4151 | D:4      | Found a staircase to the Ecumenical Temple.
  4211 | Temple   | Entered the Ecumenical Temple
  4804 | D:4      | Gained mutation: Spells you cast may paralyse adjacent
                  | enemies. [demonic ancestry]
  4804 | D:4      | Reached XP level 7. HP: 36/50 MP: 7/7
  5066 | D:4      | Got the Anthology of the Inconstant Escort
  5467 | D:5      | Entered Level 5 of the Dungeon
  5480 | D:5      | Learned a level 3 spell: Tukima's Dance
  5540 | D:5      | Found an ornate altar of the Wu Jian Council.
  5608 | D:5      | Reached skill level 6 in Staves
  5876 | D:5      | Reached skill level 1 in Stealth
  5876 | D:5      | Reached skill level 1 in Hexes
  5878 | D:5      | Noticed Duvessa
  6198 | D:5      | Identified the +7 chain mail of Yredelemnul's Grace {rC+++
                  | Regen+ rCorr Int-4}
  6238 | D:5      | Noticed Dowan
  6577 | D:5      | Noticed Blork the orc
  6590 | D:5      | Killed Blork the orc
  6762 | D:5      | Gained mutation: When seriously injured, your blood forms
                  | thick armour. (AC +9) [demonic ancestry]
  6762 | D:5      | Reached XP level 8. HP: 52/56 MP: 8/8
  6968 | D:5      | Found a snail-covered altar of Cheibriados.
  7244 | D:6      | Reached skill level 1 in Spellcasting
  7326 | D:6      | Noticed Sigmund
  7500 | D:6      | Killed Sigmund
  7501 | D:6      | Reached skill level 5 in Dodging
  7878 | D:5      | Slain by a wight

Illustrated notes

Levels and vault maps discovered:
D:1:      kb_arrival_jail, layout_loops_ring, minmay_tiny_reverse_x
D:2:      layout_basic, basic_altar, nicolae_elevator_lobby_asterisk,
          uniq_crazy_yiuf_cottage, uniq_robin
D:3:      layout_basic, cheibrodos_sewer_entry_drain, kennysheep_generic_room_6
D:4:      layout_gridville, okawaru_metal_pillars_1_2, temple_pool_b
D:5:      layout_gridville, kennysheep_little_box, mainiacjoe_overflow_alcove_1,
          uniq_duvessa, uniq_blork_the_orc
D:6:      layout_loops_ring, minmay_fire_ice_demons, uniq_sigmund
Temple:   nicolae_temple_two_arcs

Skill      XL: |  1  2  3  4  5  6  7  8 |
---------------+-------------------------+-----
Staves         | 3 4 5 6 |  6.0
Throwing       | 2 3 4 |  4.0
Dodging        | 3 4 5 |  5.0
Armour         | 1 2 3 |  3.0
Stealth        | 2 4 |  4.3
Hexes          | 2 4 |  4.1
Spellcasting   | 2 |  2.4
Fighting       | |  2.0

Action                   |  1- 3 |  4- 6 |  7- 9 || total
-------------------------+-------+-------+-------++-------
Melee: Quarterstaff      |   120 |   219 |   132 ||   471
       Tailslap          |     7 |    28 |    12 ||    47
Throw: Javelin           |     1 |     2 |     1 ||     4
       Throwing net      |     1 |     2 |     1 ||     4
       Dart              |       |    43 |    53 ||    96
Evoke: Wand              |       |     1 |     1 ||     2
  Use: Scroll            |       |       |     7 ||     7
       Potion            |       |       |     3 ||     3
 Stab: Held in net/web   |     1 |     1 |       ||     2
       Sleeping          |     1 |     1 |     6 ||     8
       Paralysed         |       |       |     2 ||     2
Armor: Leather armour    |    41 |    67 |    62 ||   170
Dodge: Dodged            |    66 |   107 |   107 ||   280
